 Dungeon Crawl Stone Soup version 0.27-a0-1046-g98bf31544f (webtiles) character file.

Game seed: 10930298787717076587

322 Majang the Chopper (level 6, -3/48 HPs)
             Began as a Demonspawn Gladiator on Apr 19, 2021.
             Was a Follower of Cheibriados.
             Killed from afar by a steam dragon (11 damage)
             ... with a ball of steam
             ... on level 4 of the Dungeon.
             The game lasted 00:12:46 (3723 turns).

Majang the Chopper (Demonspawn Gladiator)           Turns: 3723, Time: 00:12:50

Health: -3/48      AC: 10    Str: 18 (19) XL:     6   Next: 22%
Magic:  7/7        EV: 11    Int:  9 (11) God:    Cheibriados [*.....]
Gold:   169        SH:  0    Dex: 14 (16) Spells: 5/5 levels left

rFire    . . .     SeeInvis .   a - +0 war axe
rCold    . . .     Faith    .   (no shield)
rNeg     + . .     Spirit   .   g - +0 ring mail
rPois    .         Reflect  .   c - +0 helmet
rElec    .         Harm     .   (no cloak)
rCorr    .         Rampage  .   i - +0 pair of gloves
Will     .....                  v - +2 pair of boots
Stlth    +.........             (no amulet)
HPRegen  0.16/turn              s - ring of positive energy
MPRegen  0.10/turn              (no ring)

@: very slow
A: talons 1, powered by death 3
a: Renounce Religion, Bend Time


You were on level 4 of the Dungeon.
You worshipped Cheibriados.
Cheibriados was aware of your devotion.
You visited 1 branch of the dungeon, and saw 4 of its levels.

You collected 169 gold pieces.

Inventory:

Hand Weapons
 a - a +0 war axe (weapon)
 l - a +0 shortbow
Missiles
 d - 3 throwing nets (quivered)
 p - 19 bolts
 u - 24 arrows
Armour
 c - a +0 helmet (worn)
 g - a +0 ring mail (worn)
 i - a +0 pair of gloves (worn)
 v - a +2 pair of boots (worn)
Jewellery
 s - a ring of positive energy (left hand)
Wands
 t - a wand of polymorph (5)
Scrolls
 f - a scroll of amnesia {unknown}
 k - 2 scrolls of enchant weapon {unknown}
 m - 2 scrolls of noise {unknown}
 n - 2 scrolls of identify {unknown}
 o - a scroll of fear {unknown}
 r - 2 scrolls of teleportation {unknown}
Potions
 b - a potion of degeneration
 e - a potion of invisibility {unknown}
 h - 2 potions of curing {unknown}
 j - 2 potions of brilliance {unknown}
 q - a potion of mutation {unknown}


   Skills:
 + Level 3.8 Fighting
 * Level 5.2 Axes
 - Level 1.7 Throwing
 - Level 2.6 Dodging
 + Level 2.4 Invocations


You had 5 spell levels left.
You didn't know any spells.
Your spell library contained the following spells:

 Spells                   Type           Power      Damage    Failure   Level
 Magic Dart               Conj           0%         1d3       58%         1
 Blink                    Tloc           N/A        N/A       73%         2
 Call Imp                 Summ           0%         N/A       73%         2
 Searing Ray              Conj           0%         3d3       73%         2
 Slow                     Hex            0%         N/A       73%         2
 Conjure Flame            Conj/Fire      0%         6-21      91%         3
 Dazzling Flash           Conj/Hex       0%         N/A       91%         3
 Mephitic Cloud           Conj/Pois/Air  0%         N/A       91%         3
 Fulminant Prism          Conj/Hex       0%         3d6       100%        4
 Iskenderun's Mystic Bla  Conj/Tloc      0%         2d3       100%        4


Dungeon Overview and Level Annotations

Branches:
Dungeon (4/15)
 Temple: D:4-7

Altars:
Ashenzari
Cheibriados
Elyvilon
Qazlal
Ru
Uskayaw

Shops:
D:4 (

Annotations:
D:2 1 runed translucent door, Crazy Yiuf, Sigmund


Innate Abilities, Weirdness & Mutations

You have sharp toenails.
You regenerate a lot of health from kills.


Message History

The steam dragon breathes steam at you.
The ball of steam misses the jackal.
The ball of steam misses you.
You hit the jackal but do no damage.
You are engulfed in a cloud of scalding steam.
The jackal is engulfed in a cloud of scalding steam.
The jackal bites you but does no damage.
The jackal is engulfed in a cloud of scalding steam.
The jackal dies!
A quokka comes into view.
The steam dragon breathes steam at you. The ball of steam misses you.
You see here a jackal corpse.
You closely miss the steam dragon.
You are engulfed in a cloud of scalding steam.
The steam dragon barely misses you.
The steam dragon claws you but does no damage.
The steam dragon bites you. The steam dragon closely misses you.
You closely miss the steam dragon. You barely miss the quokka.
You are engulfed in a cloud of scalding steam.
The quokka bites you.
The steam dragon bites you but does no damage.
The steam dragon claws you but does no damage.
The quokka closely misses you.
You hit the steam dragon.
The steam dragon is moderately wounded.
You hit the quokka but do no damage.
You are engulfed in a cloud of scalding steam.
* * * LOW HITPOINT WARNING * * *
The steam dragon bites you.
* * * LOW HITPOINT WARNING * * *
The steam dragon claws you but does no damage.
The quokka bites you.
* * * LOW HITPOINT WARNING * * *
It was a potion of degeneration.
There was something very wrong with that liquid.
You feel weakened.
You feel dopey.
You feel clumsy.
You are engulfed in a cloud of scalding steam.
The steam dragon breathes steam at you. The ball of steam hits you!
You die...

....##.##........... ###
##..##)##........##.....
#...<)##........##.....
##.##..#...............
#...#'#.######.##.#...
#####∩### #.# ### #.#
#.# # #@###....
#Dr.....# #............
#......####.##. ###....
# ..$### ####


You could see a steam dragon (catching breath) and a quokka.

Vanquished Creatures
  An ogre (D:3)
  An orc priest (D:3)
  2 orc wizards (D:4)
  Robin (D:2)
  A howler monkey skeleton (D:4)
  5 adders
  A worm (D:2)
  A dart slug (D:1)
  6 orcs
  6 ball pythons
  2 bats (D:2)
  6 endoplasms
  4 giant cockroaches (D:1)
  5 hobgoblins (D:2)
  8 jackals
  4 quokkas
  2 frilled lizards
  16 goblins
  4 kobolds
  6 rats
82 creatures vanquished.

Vanquished Creatures (others)
  A jackal (D:4)
1 creature vanquished.

Grand Total: 83 creatures vanquished

Notes
Turn   | Place    | Note
-------+----------+-------------------------------------------
     0 | D:1      | Majang the Demonspawn Gladiator began the quest for the
                  | Orb.
     0 | D:1      | Reached XP level 1. HP: 16/16 MP: 1/1
   243 | D:1      | Reached skill level 3 in Axes
   248 | D:1      | Gained mutation: You regenerate a little health from kills.
                  | [demonic ancestry]
   248 | D:1      | Reached XP level 2. HP: 18/22 MP: 2/2
  1069 | D:1      | Reached XP level 3. HP: 28/28 MP: 3/3
  1344 | D:2      | Found a sacrificial altar of Ru.
  1752 | D:2      | Reached skill level 4 in Axes
  1764 | D:2      | Gained mutation: You have sharp toenails. [demonic
                  | ancestry]
  1764 | D:2      | Reached XP level 4. HP: 34/34 MP: 4/4
  1779 | D:2      | Noticed Robin
  1812 | D:2      | Killed Robin
  1884 | D:2      | Noticed Sigmund
  2100 | D:2      | Found a faded altar of an unknown god.
  2394 | D:2      | Found a runed translucent door.
  2395 | D:2      | Noticed Crazy Yiuf
  2486 | D:3      | Found a snail-covered altar of Cheibriados.
  2494 | D:3      | Became a worshipper of Cheibriados the Contemplative
  2596 | D:3      | Noticed an ogre
  2611 | D:3      | Killed an ogre
  2612 | D:3      | Reached skill level 1 in Invocations
  2612 | D:3      | Gained mutation: You regenerate health from kills. [demonic
                  | ancestry]
  2612 | D:3      | Reached XP level 5. HP: 12/41 MP: 4/6
  2928 | D:3      | Found a broken altar of Ashenzari.
  3006 | D:3      | Found a hide-covered altar of Uskayaw.
  3592 | D:3      | Reached skill level 5 in Axes
  3614 | D:4      | Gained mutation: You regenerate a lot of health from kills.
                  | [demonic ancestry]
  3614 | D:4      | Reached XP level 6. HP: 48/48 MP: 7/7
  3633 | D:4      | Found a stormy altar of Qazlal.
  3685 | D:4      | Found Surphala's Antique Weapon Shop.
  3708 | D:4      | Noticed a steam dragon
  3714 | D:4      | Reached * piety under Cheibriados
  3723 | D:4      | Killed from afar by a steam dragon

Illustrated notes

Levels and vault maps discovered:
D:1:      lemuel_arrival_river_ford, layout_loops_corners, minmay_nonomino_d4
D:2:      layout_loops_ring, hellmonk_ecumenical_altar_leap_of_faith,
          basic_altar, uniq_sigmund, uniq_crazy_yiuf_cottage, uniq_robin
D:3:      layout_loops_corners, amcnicky_altar_gilded,
          nicolae_overflow_hidden_temple, lemuel_coloured_pillars_altar,
          cheibriados_altar_1, roderic_malta_cross
D:4:      layout_loops_cross, nicolae_qazlal_general_emergency,
          overflow_temple_1_default, serial_shops, kennysheep_mini

Skill      XL: |  1  2  3  4  5 |
---------------+----------------+-----
Axes           | 3 4 5 |  5.2
Fighting       | 3 |  3.8
Invocations    | 1 2 |  2.4
Throwing       | |  1.7
Dodging        | |  2.6

Action                   |  1- 3 |  4- 6 || total
-------------------------+-------+-------++-------
Melee: War axe           |   125 |   118 ||   243
       Kick              |       |    22 ||    22
Throw: Throwing net      |     1 |     1 ||     2
  Use: Potion            |       |     1 ||     1
Armor: Ring mail         |    60 |    50 ||   110
Dodge: Dodged            |    70 |    70 ||   140

Table legend: (Time is in decaauts)
 A = Elapsed time spent in this place.
 B = Non-inter-level travel time spent in this place.
 C = Inter-level travel time spent in this place.
 D = Time resting spent in this place.
 E = Time spent auto-exploring this place.
 F = Levels seen in this place.
 G = Mean time per level.
                   A        B        C        D        E       F      G
               +--------+--------+--------+--------+--------+-----+--------+
         Total |   4070 |   4019 |     51 |    709 |   2501 |   4 | 1017.5 |
       Dungeon |   4070 |   4019 |     51 |    709 |   2501 |   4 | 1017.5 |
               +--------+--------+--------+--------+--------+-----+--------+

Top non-repeatable levels by time:
     D:3: 1512 daAuts
     D:1: 1275 daAuts
     D:2: 1124 daAuts
     D:4: 157 daAuts
